 Dungeon Crawl Stone Soup version 0.31-a0-237-g2d982f9f85 (webtiles) character file.

Game seed: 17695753680563884221

2602 AlmostDecent the Frost Mage (level 9, 0/66 HPs)
             Began as a Gnoll Ice Elementalist on July 11, 2023.
             Was a Follower of Vehumet.
             Slain by a wraith (12 damage)
             ... on level 7 of the Dungeon.
             The game lasted 00:24:23 (7338 turns).

AlmostDecent the Frost Mage (GnIE)                  Turns: 7338, Time: 00:24:24

Health: 0/66       AC:  6    Str:  8    XL:     9   Next: 59%
Magic:  5/19       EV: 14    Int: 19    God:    Vehumet [*.....]
Gold:   348        SH:  5    Dex: 12    Spells: 10/21 levels left

rFire   . . .        f - +0 short sword (elec)
rCold   . . .        (no shield)
rNeg    . . .        a - +0 robe
rPois   +            g - +2 helmet
rElec   .            (no cloak)
rCorr   .            (no gloves)
SInv    .            B - +0 pair of boots
Will    .....        o - amulet of reflection
Stlth   +++          y - ring of poison resistance
HPRegen 0.31/turn    u - ring of flight
MPRegen 0.16/turn

%: reflection
@: flying, slowed, very slow
A: fangs 1, strong nose, distributed training
a: Renounce Religion


You were on level 7 of the Dungeon.
You worshipped Vehumet.
Vehumet was aware of your devotion.
You visited 2 branches of the dungeon, and saw 8 of its levels.

You collected 348 gold pieces.

Inventory:

Hand Weapons
 f - a +0 short sword of electrocution (weapon)
Missiles
 q - 2 throwing nets
Armour
 a - a +0 robe (worn)
 g - a +2 helmet (worn)
 B - a +0 pair of boots (worn)
 E - a +2 leather armour of poison resistance
Jewellery
 n - a ring of magical power
 o - an amulet of reflection (around neck)
 s - a +6 ring of strength
 u - a ring of flight (right hand)
 y - a ring of poison resistance (left hand)
Wands
 d - a wand of charming (14)
Scrolls
 c - 3 scrolls of enchant weapon
 h - 2 scrolls of poison
 i - 6 scrolls of teleportation
 l - 5 scrolls of enchant armour
 p - a scroll of acquirement
 t - a scroll of silence {unknown}
 w - 2 scrolls of fear {unknown}
 x - a scroll of torment {unknown}
 A - a scroll of blinking {unknown}
 D - 2 scrolls of vulnerability {unknown}
Potions
 b - a potion of magic
 e - a potion of brilliance
 j - 2 potions of attraction
 k - 7 potions of enlightenment
 m - a potion of lignification
 r - 2 potions of curing
 v - a potion of might
 z - a potion of haste {unknown}
 C - a potion of cancellation {unknown}
 F - a potion of mutation {unknown}


   Skills:
 + Level 4.5 Fighting
 + Level 4.5 Short Blades
 + Level 4.5 Long Blades
 + Level 4.5 Axes
 + Level 4.5 Maces & Flails
 + Level 4.5 Polearms
 + Level 4.5 Staves
 + Level 4.5 Ranged Weapons
 + Level 4.5 Throwing
 + Level 4.5 Armour
 + Level 6.5 Dodging
 + Level 6.2 Stealth
 + Level 4.5 Shields
 + Level 4.5 Unarmed Combat
 + Level 6.8 Spellcasting
 + Level 3.7 Conjurations
 + Level 3.7 Hexes
 + Level 3.7 Summonings
 + Level 3.7 Necromancy
 + Level 3.7 Translocations
 + Level 3.7 Transmutations
 + Level 3.7 Fire Magic
 + Level 8.1 Ice Magic
 + Level 3.7 Air Magic
 + Level 3.7 Earth Magic
 + Level 3.7 Poison Magic
 + Level 5.0 Invocations
 + Level 4.5 Evocations


You had 10 spell levels left.
You knew the following spells:

 Your Spells              Type           Power      Damage    Failure   Level
a - Freeze                Ice            100%       1d10      1%          1
b - Frozen Ramparts       Ice            74%        1d12      1%          3
c - Ozocubu's Armour      Ice            37%        N/A       1%          3
d - Summon Ice Beast      Ice/Summ       29%        N/A       9%          4

Your spell library contained the following spells:

 Spells                   Type           Power      Damage    Failure   Level
 Shock                    Conj/Air       80%        1d8       2%          1
 Foxfire                  Conj/Fire      80%        2x1d8     2%          1
 Fireball                 Conj/Fire      10%        3d6       52%         5
 Plasma Beam              Fire/Air       10%        2x1d21    97%         6
 Starburst                Conj/Fire      10%        6d5       97%         6
 Ozocubu's Refrigeration  Ice            18%        4d11      97%         7


Dungeon Overview and Level Annotations

Branches:
Dungeon (7/15)             Temple (1/1) D:5

Altars:
Cheibriados
Dithmenos
Elyvilon
Fedhas
Gozag
Hepliaklqana
Kikubaaqudgha
Makhleb
Nemelex Xobeh
Okawaru
Qazlal
Ru
Sif Muna
Trog
Uskayaw
Vehumet
Xom
Zin
The Shining One

Annotations:
Temple 2 transporters


Innate Abilities, Weirdness & Mutations

You have very sharp teeth.
Your uncanny sense of smell can sniff out nearby items.
Your experience applies equally to all skills.


Message History

The wraith resists.
The wall freezes the wraith.
The wraith hits your ice beast!
Your ice beast dies!
Your ice beast disappears in a puff of smoke!
Casting: Frozen Ramparts (safe; 1% risk of failure)
Confirm with . or Enter, or press ? or * to list all spells.
A chill wind blows around you.
The wraith resists.
The wall freezes the wraith.
You barely miss the wraith.
The wraith is lightly damaged.
Your icy armour evaporates.
The wraith resists.
The wall freezes the wraith.
The wraith hits you!
* * * LOW HITPOINT WARNING * * *
The wraith drains your vigour!
You feel yourself slow down.
You hit the wraith but do no damage.
The wraith is moderately damaged.
Your ice beast hits the wraith but does no damage.
The wraith resists.
The wall freezes the wraith.
The wraith misses you.
Your ice beast hits the wraith but does no damage.
You barely miss the wraith.
The wraith is moderately damaged.
The wall freezes the wraith but does no damage.
The wraith hits you.
* * * LOW HITPOINT WARNING * * *
The wraith drains your vigour!
You feel as though you will be slow longer.
Your ice beast hits the wraith.
Your ice beast freezes the wraith!
The wraith resists.
Welcome back, AlmostDecent the Gnoll Ice Elementalist.
Vehumet says: Let it end in hellfire!
Press ? for a list of commands and other information.
You hit the wraith but do no damage. Your bite misses the wraith.
The wraith is severely damaged.
The wraith resists.
The wall freezes the wraith.
The wraith hits you but does no damage.
Your ice beast hits the wraith.
Your ice beast freezes the wraith.
The wraith resists.
You barely miss the wraith. You punch the wraith, but do no damage.
You bite the wraith, but do no damage.
The wraith is severely damaged.
The frozen ramparts melt away.
The wraith hits you!
You die...

##...## ## #.....# #.
##..#.# #. #
###+####..#.#### ##. ..
#......>.......####.#
...#..................##
...'..8............##..#
#.........#.##.......
#..W@.......###.##.[.
###Y###.#...##.#.#...
#.. #.......###..#. #...
#.....##.#.#.#. #...
#.....###.##)#. #...
#....####.#.... ##..
#..........#.#.
#######...##.......(
#.#.........##.#.#.


You could see a wraith (ally target) and a friendly ice beast (summoned).

Vanquished Creatures
  Grinder (D:3)
  Eustachio (D:5)
  A steam dragon (D:7)
  Menkaure (D:7)
  2 water moccasins
  2 ice beasts
  A kobold brigand (D:6)
  2 bullfrogs
  A water moccasin zombie (D:3)
  A jelly (D:6)
  6 hounds
  3 orc priests
  A sleepcap (D:6)
  A scorpion zombie (D:3)
  2 iguanas
  3 orc wizards
  A hound zombie (D:3)
  4 gnolls (D:3)
  6 adders
  A shadow imp (D:5)
  2 white imps (D:7)
  An adder skeleton (D:3)
  2 dart slugs
  18 orcs
  7 endoplasms
  6 giant cockroaches
  5 goblins
  5 hobgoblins
  14 kobolds
  3 quokkas
  4 ball pythons
  A ball python skeleton (D:3)
  7 bats
  2 frilled lizards
  A quokka skeleton (D:3)
  A quokka zombie (D:3)
  A rat (D:1)
121 creatures vanquished.

Vanquished Creatures (collateral kills)
  A manticore (D:7)
  Sigmund (D:4)
  A black bear (D:6)
  An ogre (D:5)
  An adder (D:4)
  A dart slug (D:4)
  6 orcs
  A ball python (D:4)
  A quokka zombie (D:3)
14 creatures vanquished.

Grand Total: 135 creatures vanquished

Notes
Turn   | Place    | Note
-------+----------+-------------------------------------------
     0 | D:1      | AlmostDecent the Gnoll Ice Elementalist began the quest for
                  | the Orb.
     0 | D:1      | Reached XP level 1. HP: 13/13 MP: 6/6
   172 | D:1      | Reached XP level 2. HP: 19/19 MP: 4/7
   687 | D:1      | Reached skill level 5 in Spellcasting
   687 | D:1      | Reached XP level 3. HP: 25/25 MP: 5/9
  1038 | D:2      | Reached skill level 1 in Invocations
  1042 | D:2      | Learned a level 3 spell: Frozen Ramparts
  1046 | D:2      | Learned a level 3 spell: Ozocubu's Armour
  1303 | D:2      | Reached skill level 1 in Fighting
  1303 | D:2      | Reached skill level 1 in Short Blades
  1303 | D:2      | Reached skill level 1 in Long Blades
  1303 | D:2      | Reached skill level 1 in Axes
  1303 | D:2      | Reached skill level 1 in Maces & Flails
  1303 | D:2      | Reached skill level 1 in Polearms
  1303 | D:2      | Reached skill level 1 in Staves
  1303 | D:2      | Reached skill level 1 in Ranged Weapons
  1303 | D:2      | Reached skill level 1 in Throwing
  1303 | D:2      | Reached skill level 1 in Armour
  1303 | D:2      | Reached skill level 1 in Shields
  1303 | D:2      | Reached skill level 1 in Unarmed Combat
  1303 | D:2      | Reached skill level 1 in Evocations
  1491 | D:3      | Reached XP level 4. HP: 27/32 MP: 0/11
  1541 | D:3      | Reached skill level 1 in Conjurations
  1541 | D:3      | Reached skill level 1 in Hexes
  1541 | D:3      | Reached skill level 1 in Summonings
  1541 | D:3      | Reached skill level 1 in Necromancy
  1541 | D:3      | Reached skill level 1 in Translocations
  1541 | D:3      | Reached skill level 1 in Transmutations
  1541 | D:3      | Reached skill level 1 in Fire Magic
  1541 | D:3      | Reached skill level 1 in Air Magic
  1541 | D:3      | Reached skill level 1 in Earth Magic
  1541 | D:3      | Reached skill level 1 in Poison Magic
  1842 | D:3      | Reached XP level 5. HP: 10/37 MP: 10/12
  2123 | D:3      | Reached XP level 6. HP: 44/44 MP: 4/13
  2134 | D:3      | Learned a level 4 spell: Summon Ice Beast
  2466 | D:3      | Noticed Grinder
  2483 | D:3      | Killed Grinder
  2484 | D:3      | Reached skill level 5 in Dodging
  3120 | D:4      | Reached XP level 7. HP: 30/50 MP: 5/15
  3403 | D:4      | Noticed Sigmund
  3410 | D:4      | Killed Sigmund
  3411 | D:4      | Reached skill level 5 in Stealth
  3743 | D:5      | Entered Level 5 of the Dungeon
  3922 | D:5      | Reached XP level 8. HP: 39/58 MP: 13/16
  4131 | D:5      | Found a staircase to the Ecumenical Temple.
  4138 | Temple   | Entered the Ecumenical Temple
  4138 | Temple   | Found a transporter.
  4138 | Temple   | Found a transporter.
  4140 | Temple   | Found a transporter.
  4140 | Temple   | Found a transporter.
  4158 | Temple   | Became a worshipper of Vehumet
  4859 | D:5      | Noticed Eustachio
  4872 | D:5      | Killed Eustachio
  6094 | D:6      | Reached XP level 9. HP: 42/65 MP: 12/18
  6262 | D:6      | Identified a scroll of acquirement
  6431 | D:7      | Reached * piety under Vehumet
  6431 | D:7      | Offered knowledge of Shock by Vehumet.
  6670 | D:7      | Reached skill level 8 in Ice Magic
  6841 | D:7      | Noticed Menkaure
  6847 | D:7      | Killed Menkaure
  7195 | D:7      | Found a shimmering altar of Xom.
  7318 | D:7      | Noticed a manticore
  7327 | D:7      | Killed a manticore
  7328 | D:7      | Reached skill level 5 in Invocations
  7338 | D:7      | Slain by a wraith

Illustrated notes

Levels and vault maps discovered:
D:1:      heliophobic_arrival_henge, layout_loops_ring
D:2:      layout_rooms
D:3:      cheibrodos_helix_gallery, layout_loops_ring, serial_undead,
          serial_undead_a, serial_undead_d, serial_undead_e, serial_undead_d,
          serial_undead_b, serial_undead_b, serial_undead_f,
          chequers_serial_rivers_micro_a, nrook_loot_triangle, minivault_5,
          uniq_grinder
D:4:      layout_basic, uniq_sigmund
D:5:      layout_layer_cave, minmay_temple_entry_tees, st_stairs_9,
          uniq_eustachio
D:6:      layout_basic
D:7:      layout_loops_ring, lemuel_doored_altar, minmay_three_doors,
          uniq_menkaure
Temple:   hellmonk_temple_divided_pantheon

Skill      XL: |  1  2  3  4  5  6  7  8  9 |
---------------+----------------------------+-----
Spellcasting   | 5 6 |  6.8
Invocations    | 1 2 3 4 5 |  5.0
Fighting       | 1 2 3 4 |  4.5
Short Blades   | 1 2 3 4 |  4.5
Long Blades    | 1 2 3 4 |  4.5
Axes           | 1 2 3 4 |  4.5
Maces & Flails | 1 2 3 4 |  4.5
Polearms       | 1 2 3 4 |  4.5
Staves         | 1 2 3 4 |  4.5
Ranged Weapons | 1 2 3 4 |  4.5
Throwing       | 1 2 3 4 |  4.5
Armour         | 1 2 3 4 |  4.5
Shields        | 1 2 3 4 |  4.5
Unarmed Combat | 1 2 3 4 |  4.5
Evocations     | 1 2 3 4 |  4.5
Conjurations   | 1 2 3 |  3.7
Hexes          | 1 2 3 |  3.7
Summonings     | 1 2 3 |  3.7
Necromancy     | 1 2 3 |  3.7
Translocations | 1 2 3 |  3.7
Transmutations | 1 2 3 |  3.7
Fire Magic     | 1 2 3 |  3.7
Air Magic      | 1 2 3 |  3.7
Earth Magic    | 1 2 3 |  3.7
Poison Magic   | 1 2 3 |  3.7
Dodging        | 5 6 |  6.5
Stealth        | 5 6 |  6.2
Ice Magic      | 8 |  8.1

Action                     |  1- 3 |  4- 6 |  7- 9 || total
---------------------------+-------+-------+-------++-------
  Melee: Unarmed           |     2 |       |       ||     2
         Bite              |     1 |     3 |    10 ||    14
         Short sword       |    17 |    60 |    93 ||   170
         Punch             |       |     1 |     3 ||     4
   Cast: Freeze            |    49 |    34 |    62 ||   145
         Frozen Ramparts   |     2 |     6 |    13 ||    21
         Ozocubu's Armour  |       |     3 |     3 ||     6
         Summon Ice Beast  |       |     3 |    10 ||    13
    Use: Scroll            |       |       |    13 ||    13
         Potion            |       |       |     2 ||     2
   Stab: Sleeping          |     1 |       |     3 ||     4
 Armour: Robe              |     8 |    14 |    25 ||    47
  Dodge: Dodged            |    36 |    60 |    88 ||   184
  Block: Other             |       |       |     4 ||     4

Table legend: (Time is in decaauts)
 A = Elapsed time spent in this place.
 B = Non-inter-level travel time spent in this place.
 C = Inter-level travel time spent in this place.
 D = Time resting spent in this place.
 E = Time spent auto-exploring this place.
 F = Levels seen in this place.
 G = Mean time per level.
                   A        B        C        D        E       F      G
               +--------+--------+--------+--------+--------+-----+--------+
         Total |   7314 |   7149 |    165 |     69 |   6050 |   8 |  914.2 |
       Dungeon |   7277 |   7112 |    165 |     69 |   6045 |   7 | 1039.6 |
        Temple |     36 |     36 |      0 |      0 |      5 |   1 |   36.0 |
               +--------+--------+--------+--------+--------+-----+--------+

Top non-repeatable levels by time:
     D:3: 1645 daAuts
     D:5: 1459 daAuts
     D:6: 1177 daAuts
     D:7: 906 daAuts
     D:1: 902 daAuts
     D:4: 649 daAuts
     D:2: 537 daAuts
  Temple: 36 daAuts
